 Dungeon Crawl Stone Soup version 0.23-a0-143-g1adec7b (webtiles) character file.

23 Birdfruit the Cudgeler (level 2, -1/28 HPs)
             Began as a Deep Dwarf Berserker on Sept 3, 2018.
             Was a Believer of Trog.
             Splashed by a jelly's acid (8 damage)
             ... on level 2 of the Dungeon.
             The game lasted 00:08:31 (635 turns).

Birdfruit the Cudgeler (Deep Dwarf Berserker)        Turns: 635, Time: 00:08:32

Health: -1/28      AC: -8    Str: 20    XL:     2   Next: 75%
Magic:  2/2        EV: 13    Int:  7    God:    Trog [**....]
Gold:   18         SH:  0    Dex: 12    Spells: 1/1 levels left

rFire    . . .     SeeInvis .   a - +0 mace
rCold    . . .     Gourm    .   (no shield)
rNeg     . . .     Faith    .   (no armour)
rPois    .         Spirit   .   (no helmet)
rElec    .         Reflect  .   (no cloak)
rCorr    .         Harm     .   (no gloves)
MR       ++...                  (no boots)
Stlth    +.........             (no amulet)
HPRegen  1.00/turn              (no ring)
MPRegen  0.08/turn              (no ring)

@: corroded, non-regenerating
A: damage resistance, heal wounds, sense surroundings 1, no regeneration
a: Heal Wounds, Berserk, Trog's Hand, Renounce Religion


You were on level 2 of the Dungeon.
You worshipped Trog.
Trog was pleased with you.
You were not hungry.

You visited 1 branch of the dungeon, and saw 2 of its levels.

You collected 18 gold pieces.

Inventory:

Hand Weapons
 a - a +0 mace (weapon)
 f - a +0 dagger of draining
 g - a +0 spear (quivered)
 o - a +0 whip
Missiles
 j - 35 arrows
 k - 21 sling bullets
Armour
 b - a +0 animal skin
 h - a +0 ring mail
Scrolls
 i - a scroll of remove curse {unknown}
 n - a scroll of enchant weapon {unknown}
Potions
 e - a potion of invisibility {unknown}
 l - a potion of agility {unknown}
 m - a potion of curing {unknown}
Comestibles
 c - 4 rations
 d - a chunk of flesh


   Skills:
 + Level 3.0 Fighting
 + Level 3.4 Maces & Flails
 + Level 2.3 Armour
 + Level 2.6 Dodging


You had one spell level left.
You didn't know any spells.
Your spell library was empty.

Dungeon Overview and Level Annotations

Branches:
Dungeon (2/15)

Altars:


Innate Abilities, Weirdness & Mutations

You are resistant to damage.
You can heal yourself by infusing magical energy.
You passively map a small area around you.
You do not regenerate.


Message History

You sock the hobgoblin!
You kill the hobgoblin!
Trog accepts your kill.
The jelly quivers.
You see here a club.
The jelly hits you. The acid corrodes you!
You are splashed with acid!
The acid burns!
Your skin crawls.
You feel resistant to hostile enchantments.
You feel somewhat more hungry. The jelly closely misses you.
You hit the jelly.
Your hands burn!
* * * LOW HITPOINT WARNING * * *
The jelly is lightly wounded.
The jelly closely misses you.
You hit the jelly but do no damage.
Your hands burn!
The jelly is lightly wounded.
The jelly hits you.
* * * LOW HITPOINT WARNING * * *
The acid corrodes you!
You are splashed with acid!
The acid burns!
You die...

.... * *, *
♣.P.. * * , ,
♣... # # ♣♣♣PP.
##.#. , PP.P..
..#.#* ..♣P..#
#.#.#
#......##.#.#
PP...)#.#*,
♣♣♣@...<#*, ,
,♣J...###*, *
P.P........ * ,
*
,**#!..##..####
, * .....,...#
,** #####...###
, * #### * * *,
, *


You could see a jelly.

Vanquished Creatures
  A dart slug (D:1)
  A leopard gecko (D:1)
  3 bats (D:1)
  3 goblins (D:1)
  A hobgoblin (D:2)
  2 kobolds (D:1)
  A frilled lizard (D:1)
  9 rats (D:1)
21 creatures vanquished.

Notes
Turn   | Place    | Note
-------+----------+-------------------------------------------
     0 | D:1      | Birdfruit the Deep Dwarf Berserker began the quest for the
                  | Orb.
     0 | D:1      | Reached XP level 1. HP: 20/20 MP: 1/1
    93 | D:1      | Reached XP level 2. HP: 25/27 MP: 2/2
   348 | D:1      | Reached ** piety under Trog
   635 | D:2      | Splashed by a jelly's acid

Vault maps used:
D:1:      elethiomel_arrival_diamonds
D:2:      serial_forest, infiniplex_forest_clump_double,
          infiniplex_forest_straight_2, infiniplex_forest_lined_2,
          infiniplex_forest_lined_4_way, infiniplex_forest_straight_3,
          infiniplex_forest_clump_tiny, infiniplex_forest_clump_double,
          infiniplex_forest_clump_large, minmay_fountain_box,
          lemuel_flame_loot_1, uniq_sigmund

Skill      XL: |  1  2 |
---------------+-------+-----
Fighting       | 3 |  3.0
Maces & Flails | |  3.4
Armour         | |  2.3
Dodging        | |  2.6

Action                   || total
-------------------------++-------
Melee: Mace              ||    19
       Dagger            ||    33
Invok: Trog's Hand       ||     1
Armor: Animal skin       ||     6
Dodge: Dodged            ||    31

Table legend:
 A = Non-vault XP
 B = Vault XP
 C = Vault XP percentage of total XP
 D = Non-vault monster count
 E = Vault monster count
 F = Vault count percentage of total count
                 A         B        C        D         E       F
            +---------+---------+-------+---------+---------+-------
      Total |      26 |       8 |  23.5 |      15 |       6 |  28.6
            +---------+---------+-------+---------+---------+-------
        D:1 |      24 |       8 |  25.0 |      14 |       6 |  30.0
        D:2 |       2 |       0 |   0.0 |       1 |       0 |   0.0
            +---------+---------+-------+---------+---------+-------
